 Dungeon Crawl Stone Soup version 0.29-a0-234-g0dae59b3db (webtiles) character file.

Game seed: 823138811730728810

131 HotDog the Shield-Bearer (level 4, -1/40 HPs)
             Began as a Minotaur Fighter on Mar 2, 2022.
             Killed by divine providence
             ... invoked by an orc priest
              (10 damage)
             ... on level 3 of the Dungeon.
             The game lasted 00:02:06 (1969 turns).

HotDog the Shield-Bearer (Minotaur Fighter)         Turns: 1969, Time: 00:02:07

Health: -1/40      AC:  7    Str: 23    XL:     4   Next: 91%
Magic:  3/3        EV:  8    Int:  5    God:
Gold:   96         SH:  8    Dex:  9    Spells: 3/3 levels left

rFire   . . .      SeeInvis .   a - +1 long sword
rCold   . . .      Faith    .   g - +0 kite shield
rNeg    . . .      Spirit   .   b - +0 scale mail
rPois   .          Reflect  .   (helmet restricted)
rElec   .          Harm     .   (no cloak)
rCorr   .          Rampage  .   (no gloves)
Will    .....                   (no boots)
Stlth   ..........              (no amulet)
HPRegen 0.13/turn               (no ring)
MPRegen 0.08/turn               (no ring)

@: no status effects
A: horns 2, retaliatory headbutt, wild magic 1
a: no special abilities


You were on level 3 of the Dungeon.
You visited 1 branch of the dungeon, and saw 3 of its levels.

You collected 96 gold pieces.

Inventory:

Hand Weapons
 a - a +1 long sword (weapon)
Armour
 b - a +0 scale mail (worn)
 g - a +0 kite shield (worn)
Jewellery
 c - a ring of wizardry
 i - a ring of fire
Scrolls
 e - a scroll of fog
 h - a scroll of teleportation
 j - a scroll of summoning {unknown}
Potions
 d - a potion of might
 f - a potion of lignification {unknown}


   Skills:
 * Level 4.1 Fighting
 * Level 3.8 Long Blades
 * Level 4.5 Armour
 * Level 1.0 Dodging
 * Level 4.5 Shields
 - Level 0.9 Invocations


You had 3 spell levels left.
You didn't know any spells.
Your spell library was empty.

Dungeon Overview and Level Annotations

Branches:
Dungeon (3/15)

Altars:


Innate Abilities, Weirdness & Mutations

You have a pair of horns on your head.
You reflexively headbutt those who attack you in melee.
Your spells are a little harder to cast, but a little more powerful.


Message History

You hit the orc. You headbutt the orc.
You kill the orc!
The orc priest hits you from afar with a +0 trident.
The orc wizard hits you but does no damage.
You closely miss the orc wizard. You headbutt the orc wizard!
The orc wizard is heavily wounded.
You block the orc priest's attack. You block the orc wizard's attack.
The orc priest barely misses you.
You closely miss the orc wizard. Your headbutt misses the orc wizard.
The orc wizard is heavily wounded.
The orc wizard hits you but does no damage.
The orc priest hits you from afar with a +0 trident.
You hit the orc wizard. You headbutt the orc wizard.
You kill the orc wizard!
The orc priest hits you from afar with a +0 trident.
Your Dodging skill increases to level 1!
You hit the orc.
The orc is heavily wounded.
The orc hits you but does no damage.
The orc priest hits you from afar with a +0 trident.
The orc priest barely misses you. The orc barely misses you.
You are too injured to fight recklessly!
You hit the orc.
You kill the orc!
The orc priest barely misses you.
You closely miss the goblin. Your headbutt misses the goblin.
The orc priest hits you but does no damage.
The goblin hits you but does no damage. You block the orc priest's attack.
You closely miss the goblin. The goblin hits you but does no damage.
The orc priest hits you from afar with a +0 trident!
The goblin hits you with a +0 club.
* * * LOW HITPOINT WARNING * * *
You closely miss the goblin. You block the orc priest's attack.
The goblin hits you with a +0 club.
* * * LOW HITPOINT WARNING * * *
Things that are here:
a +0 hand axe; an orc corpse The orc priest calls down the wrath of Beogh upon you.
Beogh smites you!
You die...

### ..##
..†#############
..†.........)..#
.......#.#####.#######
.....#.#.##.....@g...#
...#.#......##.#####o#
..##.###.......# #.#
...#.....####### #o#
...####### #.# ## #)#
... ...## ....#


You could see an orc priest and a goblin.

Vanquished Creatures
  An orc wizard (D:3)
  A gnoll (D:1)
  3 adders
  3 worms (D:2)
  3 dart slugs
  3 orcs (D:3)
  6 endoplasms
  2 giant cockroaches (D:1)
  6 goblins
  5 hobgoblins
  3 quokkas (D:1)
  5 ball pythons
  2 frilled lizards (D:1)
  5 kobolds
  3 rats (D:1)
51 creatures vanquished.

Notes
Turn   | Place    | Note
-------+----------+-------------------------------------------
     0 | D:1      | HotDog the Minotaur Fighter began the quest for the Orb.
     0 | D:1      | Reached XP level 1. HP: 19/19 MP: 0/0
   313 | D:1      | Reached XP level 2. HP: 25/27 MP: 1/1
   698 | D:1      | You fall into a shaft and drop 1 floor!
   710 | D:2      | Reached XP level 3. HP: 31/33 MP: 2/2
   974 | D:1      | Gained mutation: Your spells are a little harder to cast,
                  | but a little more powerful. [potion of mutation]
  1209 | D:1      | Found a faded altar of an unknown god.
  1449 | D:2      | Reached XP level 4. HP: 34/40 MP: 3/3
  1958 | D:3      | Reached skill level 1 in Dodging
  1969 | D:3      | Killed from afar by an orc priest

Illustrated notes

Levels and vault maps discovered:
D:1:      lemuel_arrival_muddy, layout_loops_ring,
          shapermc_ecumenical_altar_mp_vishouse
D:2:      layout_rooms
D:3:      layout_loops_cross, uniq_pargi, uniq_sigmund

Skill      XL: |  1  2  3  4 |
---------------+-------------+-----
Shields        | 4 |  4.5
Armour         | 4 |  4.5
Fighting       | 4 |  4.1
Long Blades    | 3 |  3.8
Dodging        | 1 |  1.0
Invocations    | |  0.9

Action                   |  1- 3 |  4- 6 || total
-------------------------+-------+-------++-------
Melee: Long sword        |    82 |    50 ||   132
       Headbutt          |    14 |    11 ||    25
  Use: Scroll            |     4 |     1 ||     5
       Potion            |     1 |       ||     1
Armor: Scale mail        |    36 |    15 ||    51
Dodge: Dodged            |    24 |    18 ||    42
Block: Buckler           |     5 |       ||     5
       Kite shield       |    33 |    29 ||    62

Table legend: (Time is in decaauts)
 A = Elapsed time spent in this place.
 B = Non-inter-level travel time spent in this place.
 C = Inter-level travel time spent in this place.
 D = Time resting spent in this place.
 E = Time spent auto-exploring this place.
 F = Levels seen in this place.
 G = Mean time per level.
                   A        B        C        D        E       F      G
               +--------+--------+--------+--------+--------+-----+--------+
         Total |   2022 |   1942 |     80 |     40 |   1524 |   3 |  674.0 |
       Dungeon |   2022 |   1942 |     80 |     40 |   1524 |   3 |  674.0 |
               +--------+--------+--------+--------+--------+-----+--------+

Top non-repeatable levels by time:
     D:1: 1174 daAuts
     D:2: 765 daAuts
     D:3: 82 daAuts
